Workbook

Sheet Fuel Log
A1: Log ID | B1: Date | C1: Vessel | D1: Registration / HIN | E1: Trip / Purpose | F1: Departure Location | G1: Arrival Location | H1: Fuel Type | I1: Supplier / Marina | J1: Engine Hours Start | K1: Engine Hours End | L1: Engine Hours Used | M1: Litres Purchased | N1: Price per Litre (AUD incl. GST) | O1: Total Cost (AUD incl. GST) | P1: GST Component | Q1: Cost ex GST | R1: Litres per Engine Hour | S1: Fuel Cost per Engine Hour | T1: Payment Method | U1: Receipt / Invoice No. | V1: Notes | W1: Standard Fuel Type (Reference)
A2: FL-2026-001 | B2: 46030 | C2: Sea Breeze | D2: NSW AB12 | E2: Charter | F2: Sydney Harbour | G2: Broken Bay | H2: Diesel | I2: Sydney Harbour Marina | J2: 1240.5 | K2: 1246 | L2: =IF(OR(J2="",K2=""),"",K2-J2) | M2: 180 | N2: 2.12 | O2: =IF(OR(M2="",N2=""),"",M2*N2) | P2: =IF(O2="","",O2/11) | Q2: =IF(O2="","",O2-P2) | R2: =IFERROR(M2/L2,"") | S2: =IFERROR(O2/L2,"") | T2: Card | U2: SHM-260108-84 | V2: Jack operated a charter run with a full passenger load. | W2: =IF(C2="","",IFERROR(VLOOKUP(C2,'Dashboard'!$A$16:$C$18,2,FALSE),"Check vessel"))
A3: FL-2026-002 | B3: 46048 | C3: Coral Runner | D3: QLD 4821Q | E3: Fishing | F3: Brisbane River | G3: Moreton Bay | H3: Premium 95 | I3: Rivergate Marina | J3: 712 | K3: 715.2 | L3: =IF(OR(J3="",K3=""),"",K3-J3) | M3: 75 | N3: 2.05 | O3: =IF(OR(M3="",N3=""),"",M3*N3) | P3: =IF(O3="","",O3/11) | Q3: =IF(O3="","",O3-P3) | R3: =IFERROR(M3/L3,"") | S3: =IFERROR(O3/L3,"") | T3: Fuel Card | U3: RGM-260126-19 | V3: Olivia recorded a morning fishing trip in calm conditions. | W3: =IF(C3="","",IFERROR(VLOOKUP(C3,'Dashboard'!$A$16:$C$18,2,FALSE),"Check vessel"))
A4: FL-2026-003 | B4: 46067 | C4: Southern Star | D4: WA 7364 | E4: Fishing | F4: Fremantle | G4: Rottnest Island | H4: Diesel | I4: Fremantle Sailing Club | J4: 3210 | K4: 3217.5 | L4: =IF(OR(J4="",K4=""),"",K4-J4) | M4: 220 | N4: 2.24 | O4: =IF(OR(M4="",N4=""),"",M4*N4) | P4: =IF(O4="","",O4/11) | Q4: =IF(O4="","",O4-P4) | R4: =IFERROR(M4/L4,"") | S4: =IFERROR(O4/L4,"") | T4: Account | U4: FSC-260214-55 | V4: Liam completed an offshore fishing trip with rougher seas. | W4: =IF(C4="","",IFERROR(VLOOKUP(C4,'Dashboard'!$A$16:$C$18,2,FALSE),"Check vessel"))
A5: FL-2026-004 | B5: 46091 | C5: Coral Runner | D5: QLD 4821Q | E5: Cruising | F5: Glenelg | G5: Port Adelaide | H5: Premium 95 | I5: Glenelg Marina | J5: 810.3 | K5: 812.6 | L5: =IF(OR(J5="",K5=""),"",K5-J5) | M5: 55 | N5: 1.95 | O5: =IF(OR(M5="",N5=""),"",M5*N5) | P5: =IF(O5="","",O5/11) | Q5: =IF(O5="","",O5-P5) | R5: =IFERROR(M5/L5,"") | S5: =IFERROR(O5/L5,"") | T5: Card | U5: GLM-260310-31 | V5: Charlotte logged a coastal cruising outing. | W5: =IF(C5="","",IFERROR(VLOOKUP(C5,'Dashboard'!$A$16:$C$18,2,FALSE),"Check vessel"))
A6: FL-2026-005 | B6: 46141 | C6: Sea Breeze | D6: NSW AB12 | E6: Charter | F6: Hobart | G6: D'Entrecasteaux Channel | H6: Diesel | I6: Constitution Dock Marina | J6: 1252 | K6: 1258.2 | L6: =IF(OR(J6="",K6=""),"",K6-J6) | M6: 190 | N6: 2.31 | O6: =IF(OR(M6="",N6=""),"",M6*N6) | P6: =IF(O6="","",O6/11) | Q6: =IF(O6="","",O6-P6) | R6: =IFERROR(M6/L6,"") | S6: =IFERROR(O6/L6,"") | T6: Fuel Card | U6: CDM-260429-72 | V6: Noah completed a Tasmanian sightseeing charter. | W6: =IF(C6="","",IFERROR(VLOOKUP(C6,'Dashboard'!$A$16:$C$18,2,FALSE),"Check vessel"))
A7: FL-2026-006 | B7: 46190 | C7: Southern Star | D7: WA 7364 | E7: Fishing | F7: Newcastle | G7: Port Stephens | H7: Diesel | I7: Newcastle Cruising Yacht Club | J7: 3220 | K7: 3224 | L7: =IF(OR(J7="",K7=""),"",K7-J7) | M7: 130 | N7: 2.18 | O7: =IF(OR(M7="",N7=""),"",M7*N7) | P7: =IF(O7="","",O7/11) | Q7: =IF(O7="","",O7-P7) | R7: =IFERROR(M7/L7,"") | S7: =IFERROR(O7/L7,"") | T7: Account | U7: NCYC-260617-43 | V7: Mia recorded the delivery and fishing preparation run. | W7: =IF(C7="","",IFERROR(VLOOKUP(C7,'Dashboard'!$A$16:$C$18,2,FALSE),"Check vessel"))
A8: FL-2026-007 | B8: 46212 | C8: Coral Runner | D8: QLD 4821Q | E8: Cruising | F8: Gold Coast | G8: South Stradbroke Island | H8: Premium 95 | I8: Southport Yacht Club | J8: 820 | K8: 821.5 | L8: =IF(OR(J8="",K8=""),"",K8-J8) | M8: 45 | N8: 2.08 | O8: =IF(OR(M8="",N8=""),"",M8*N8) | P8: =IF(O8="","",O8/11) | Q8: =IF(O8="","",O8-P8) | R8: =IFERROR(M8/L8,"") | S8: =IFERROR(O8/L8,"") | T8: Cash | U8: SYC-260709-16 | V8: Ethan noted a short family cruise from the Gold Coast. | W8: =IF(C8="","",IFERROR(VLOOKUP(C8,'Dashboard'!$A$16:$C$18,2,FALSE),"Check vessel"))
A9: FL-2026-008 | B9: 46256 | C9: Sea Breeze | D9: NSW AB12 | E9: Transport | F9: St Kilda | G9: Williamstown | H9: Diesel | I9: St Kilda Marina | J9: 1265 | K9: 1271.8 | L9: =IF(OR(J9="",K9=""),"",K9-J9) | M9: 205 | N9: 2.34 | O9: =IF(OR(M9="",N9=""),"",M9*N9) | P9: =IF(O9="","",O9/11) | Q9: =IF(O9="","",O9-P9) | R9: =IFERROR(M9/L9,"") | S9: =IFERROR(O9/L9,"") | T9: Fuel Card | U9: SKM-260822-67 | V9: Ruby completed a commercial transport leg across Port Phillip. | W9: =IF(C9="","",IFERROR(VLOOKUP(C9,'Dashboard'!$A$16:$C$18,2,FALSE),"Check vessel"))
A10: FL-2026-009 | B10: 46279 | C10: Southern Star | D10: WA 7364 | E10: Maintenance | F10: Sydney Harbour | G10: Rozelle Bay | H10: Diesel | I10: Rozelle Bay Marina | J10: 3230.5 | K10: 3238.5 | L10: =IF(OR(J10="",K10=""),"",K10-J10) | M10: 210 | N10: 2.27 | O10: =IF(OR(M10="",N10=""),"",M10*N10) | P10: =IF(O10="","",O10/11) | Q10: =IF(O10="","",O10-P10) | R10: =IFERROR(M10/L10,"") | S10: =IFERROR(O10/L10,"") | T10: Card | V10: Cooper completed sea trials following scheduled maintenance. | W10: =IF(C10="","",IFERROR(VLOOKUP(C10,'Dashboard'!$A$16:$C$18,2,FALSE),"Check vessel"))
L11: =IF(OR(J11="",K11=""),"",K11-J11) | O11: =IF(OR(M11="",N11=""),"",M11*N11) | P11: =IF(O11="","",O11/11) | Q11: =IF(O11="","",O11-P11) | R11: =IFERROR(M11/L11,"") | S11: =IFERROR(O11/L11,"") | W11: =IF(C11="","",IFERROR(VLOOKUP(C11,'Dashboard'!$A$16:$C$18,2,FALSE),"Check vessel"))
L12: =IF(OR(J12="",K12=""),"",K12-J12) | O12: =IF(OR(M12="",N12=""),"",M12*N12) | P12: =IF(O12="","",O12/11) | Q12: =IF(O12="","",O12-P12) | R12: =IFERROR(M12/L12,"") | S12: =IFERROR(O12/L12,"") | W12: =IF(C12="","",IFERROR(VLOOKUP(C12,'Dashboard'!$A$16:$C$18,2,FALSE),"Check vessel"))
L13: =IF(OR(J13="",K13=""),"",K13-J13) | O13: =IF(OR(M13="",N13=""),"",M13*N13) | P13: =IF(O13="","",O13/11) | Q13: =IF(O13="","",O13-P13) | R13: =IFERROR(M13/L13,"") | S13: =IFERROR(O13/L13,"") | W13: =IF(C13="","",IFERROR(VLOOKUP(C13,'Dashboard'!$A$16:$C$18,2,FALSE),"Check vessel"))
L14: =IF(OR(J14="",K14=""),"",K14-J14) | O14: =IF(OR(M14="",N14=""),"",M14*N14) | P14: =IF(O14="","",O14/11) | Q14: =IF(O14="","",O14-P14) | R14: =IFERROR(M14/L14,"") | S14: =IFERROR(O14/L14,"") | W14: =IF(C14="","",IFERROR(VLOOKUP(C14,'Dashboard'!$A$16:$C$18,2,FALSE),"Check vessel"))
L15: =IF(OR(J15="",K15=""),"",K15-J15) | O15: =IF(OR(M15="",N15=""),"",M15*N15) | P15: =IF(O15="","",O15/11) | Q15: =IF(O15="","",O15-P15) | R15: =IFERROR(M15/L15,"") | S15: =IFERROR(O15/L15,"") | W15: =IF(C15="","",IFERROR(VLOOKUP(C15,'Dashboard'!$A$16:$C$18,2,FALSE),"Check vessel"))
L16: =IF(OR(J16="",K16=""),"",K16-J16) | O16: =IF(OR(M16="",N16=""),"",M16*N16) | P16: =IF(O16="","",O16/11) | Q16: =IF(O16="","",O16-P16) | R16: =IFERROR(M16/L16,"") | S16: =IFERROR(O16/L16,"") | W16: =IF(C16="","",IFERROR(VLOOKUP(C16,'Dashboard'!$A$16:$C$18,2,FALSE),"Check vessel"))
L17: =IF(OR(J17="",K17=""),"",K17-J17) | O17: =IF(OR(M17="",N17=""),"",M17*N17) | P17: =IF(O17="","",O17/11) | Q17: =IF(O17="","",O17-P17) | R17: =IFERROR(M17/L17,"") | S17: =IFERROR(O17/L17,"") | W17: =IF(C17="","",IFERROR(VLOOKUP(C17,'Dashboard'!$A$16:$C$18,2,FALSE),"Check vessel"))
L18: =IF(OR(J18="",K18=""),"",K18-J18) | O18: =IF(OR(M18="",N18=""),"",M18*N18) | P18: =IF(O18="","",O18/11) | Q18: =IF(O18="","",O18-P18) | R18: =IFERROR(M18/L18,"") | S18: =IFERROR(O18/L18,"") | W18: =IF(C18="","",IFERROR(VLOOKUP(C18,'Dashboard'!$A$16:$C$18,2,FALSE),"Check vessel"))
L19: =IF(OR(J19="",K19=""),"",K19-J19) | O19: =IF(OR(M19="",N19=""),"",M19*N19) | P19: =IF(O19="","",O19/11) | Q19: =IF(O19="","",O19-P19) | R19: =IFERROR(M19/L19,"") | S19: =IFERROR(O19/L19,"") | W19: =IF(C19="","",IFERROR(VLOOKUP(C19,'Dashboard'!$A$16:$C$18,2,FALSE),"Check vessel"))
L20: =IF(OR(J20="",K20=""),"",K20-J20) | O20: =IF(OR(M20="",N20=""),"",M20*N20) | P20: =IF(O20="","",O20/11) | Q20: =IF(O20="","",O20-P20) | R20: =IFERROR(M20/L20,"") | S20: =IFERROR(O20/L20,"") | W20: =IF(C20="","",IFERROR(VLOOKUP(C20,'Dashboard'!$A$16:$C$18,2,FALSE),"Check vessel"))
L21: =IF(OR(J21="",K21=""),"",K21-J21) | O21: =IF(OR(M21="",N21=""),"",M21*N21) | P21: =IF(O21="","",O21/11) | Q21: =IF(O21="","",O21-P21) | R21: =IFERROR(M21/L21,"") | S21: =IFERROR(O21/L21,"") | W21: =IF(C21="","",IFERROR(VLOOKUP(C21,'Dashboard'!$A$16:$C$18,2,FALSE),"Check vessel"))
L22: =IF(OR(J22="",K22=""),"",K22-J22) | O22: =IF(OR(M22="",N22=""),"",M22*N22) | P22: =IF(O22="","",O22/11) | Q22: =IF(O22="","",O22-P22) | R22: =IFERROR(M22/L22,"") | S22: =IFERROR(O22/L22,"") | W22: =IF(C22="","",IFERROR(VLOOKUP(C22,'Dashboard'!$A$16:$C$18,2,FALSE),"Check vessel"))
... L101: =IF(OR(J101="",K101=""),"",K101-J101) | O101: =IF(OR(M101="",N101=""),"",M101*N101) | P101: =IF(O101="","",O101/11) | Q101: =IF(O101="","",O101-P101) | R101: =IFERROR(M101/L101,"") | S101: =IFERROR(O101/L101,"") | W101: =IF(C101="","",IFERROR(VLOOKUP(C101,'Dashboard'!$A$16:$C$18,2,FALSE),"Check vessel"))

Sheet Dashboard
A1: Boat Fuel Log Dashboard
A2: Reporting Period | B2: 2026 financial year-to-date
A4: Key Metric | B4: 2026 Result
A5: Total Fuel Cost incl. GST | B5: =SUM('Fuel Log'!$O$2:$O$101)
A6: Total Litres Purchased | B6: =SUM('Fuel Log'!$M$2:$M$101)
A7: Average Price per Litre | B7: =IFERROR(AVERAGE('Fuel Log'!$N$2:$N$101),0)
A8: Total Engine Hours | B8: =SUM('Fuel Log'!$L$2:$L$101)
A9: Average Litres per Engine Hour | B9: =IFERROR(AVERAGE('Fuel Log'!$R$2:$R$101),0)
A10: Diesel Purchases | B10: =COUNTIF('Fuel Log'!$H$2:$H$101,"Diesel")
A11: Fuel Cost as GST | B11: =SUM('Fuel Log'!$P$2:$P$101)
A12: Diesel Cost | B12: =SUMIF('Fuel Log'!$H$2:$H$101,"Diesel",'Fuel Log'!$O$2:$O$101)
A14: Vessel Reference
A15: Vessel | B15: Standard Fuel Type | C15: Vessel Category | E15: Month | F15: Period Start | G15: Period End | H15: Litres Purchased | I15: Fuel Cost incl. GST | J15: Cost Variance | L15: Fuel Type | M15: Fuel Cost incl. GST
A16: Sea Breeze | B16: Diesel | C16: Charter | E16: January 2026 | F16: 46023 | G16: 46053 | H16: =SUMIFS('Fuel Log'!$M$2:$M$101,'Fuel Log'!$B$2:$B$101,">="&$F16,'Fuel Log'!$B$2:$B$101,"<="&$G16) | I16: =SUMIFS('Fuel Log'!$O$2:$O$101,'Fuel Log'!$B$2:$B$101,">="&$F16,'Fuel Log'!$B$2:$B$101,"<="&$G16) | L16: Unleaded 91 | M16: =SUMIF('Fuel Log'!$H$2:$H$101,L16,'Fuel Log'!$O$2:$O$101)
A17: Coral Runner | B17: Unleaded 95 | C17: Recreational | E17: February 2026 | F17: 46054 | G17: 46081 | H17: =SUMIFS('Fuel Log'!$M$2:$M$101,'Fuel Log'!$B$2:$B$101,">="&$F17,'Fuel Log'!$B$2:$B$101,"<="&$G17) | I17: =SUMIFS('Fuel Log'!$O$2:$O$101,'Fuel Log'!$B$2:$B$101,">="&$F17,'Fuel Log'!$B$2:$B$101,"<="&$G17) | J17: =IFERROR(IF(I16=0,"",(I17-I16)/I16),"") | L17: Premium 95 | M17: =SUMIF('Fuel Log'!$H$2:$H$101,L17,'Fuel Log'!$O$2:$O$101)
A18: Southern Star | B18: Diesel | C18: Fishing | E18: March 2026 | F18: 46082 | G18: 46112 | H18: =SUMIFS('Fuel Log'!$M$2:$M$101,'Fuel Log'!$B$2:$B$101,">="&$F18,'Fuel Log'!$B$2:$B$101,"<="&$G18) | I18: =SUMIFS('Fuel Log'!$O$2:$O$101,'Fuel Log'!$B$2:$B$101,">="&$F18,'Fuel Log'!$B$2:$B$101,"<="&$G18) | J18: =IFERROR(IF(I17=0,"",(I18-I17)/I17),"") | L18: Premium 98 | M18: =SUMIF('Fuel Log'!$H$2:$H$101,L18,'Fuel Log'!$O$2:$O$101)
E19: April 2026 | F19: 46113 | G19: 46142 | H19: =SUMIFS('Fuel Log'!$M$2:$M$101,'Fuel Log'!$B$2:$B$101,">="&$F19,'Fuel Log'!$B$2:$B$101,"<="&$G19) | I19: =SUMIFS('Fuel Log'!$O$2:$O$101,'Fuel Log'!$B$2:$B$101,">="&$F19,'Fuel Log'!$B$2:$B$101,"<="&$G19) | J19: =IFERROR(IF(I18=0,"",(I19-I18)/I18),"") | L19: Diesel | M19: =SUMIF('Fuel Log'!$H$2:$H$101,L19,'Fuel Log'!$O$2:$O$101)
E20: May 2026 | F20: 46143 | G20: 46173 | H20: =SUMIFS('Fuel Log'!$M$2:$M$101,'Fuel Log'!$B$2:$B$101,">="&$F20,'Fuel Log'!$B$2:$B$101,"<="&$G20) | I20: =SUMIFS('Fuel Log'!$O$2:$O$101,'Fuel Log'!$B$2:$B$101,">="&$F20,'Fuel Log'!$B$2:$B$101,"<="&$G20) | J20: =IFERROR(IF(I19=0,"",(I20-I19)/I19),"")
E21: June 2026 | F21: 46174 | G21: 46203 | H21: =SUMIFS('Fuel Log'!$M$2:$M$101,'Fuel Log'!$B$2:$B$101,">="&$F21,'Fuel Log'!$B$2:$B$101,"<="&$G21) | I21: =SUMIFS('Fuel Log'!$O$2:$O$101,'Fuel Log'!$B$2:$B$101,">="&$F21,'Fuel Log'!$B$2:$B$101,"<="&$G21) | J21: =IFERROR(IF(I20=0,"",(I21-I20)/I20),"")
E22: July 2026 | F22: 46204 | G22: 46234 | H22: =SUMIFS('Fuel Log'!$M$2:$M$101,'Fuel Log'!$B$2:$B$101,">="&$F22,'Fuel Log'!$B$2:$B$101,"<="&$G22) | I22: =SUMIFS('Fuel Log'!$O$2:$O$101,'Fuel Log'!$B$2:$B$101,">="&$F22,'Fuel Log'!$B$2:$B$101,"<="&$G22) | J22: =IFERROR(IF(I21=0,"",(I22-I21)/I21),"")
E23: August 2026 | F23: 46235 | G23: 46265 | H23: =SUMIFS('Fuel Log'!$M$2:$M$101,'Fuel Log'!$B$2:$B$101,">="&$F23,'Fuel Log'!$B$2:$B$101,"<="&$G23) | I23: =SUMIFS('Fuel Log'!$O$2:$O$101,'Fuel Log'!$B$2:$B$101,">="&$F23,'Fuel Log'!$B$2:$B$101,"<="&$G23) | J23: =IFERROR(IF(I22=0,"",(I23-I22)/I22),"")
E24: September 2026 | F24: 46266 | G24: 46295 | H24: =SUMIFS('Fuel Log'!$M$2:$M$101,'Fuel Log'!$B$2:$B$101,">="&$F24,'Fuel Log'!$B$2:$B$101,"<="&$G24) | I24: =SUMIFS('Fuel Log'!$O$2:$O$101,'Fuel Log'!$B$2:$B$101,">="&$F24,'Fuel Log'!$B$2:$B$101,"<="&$G24) | J24: =IFERROR(IF(I23=0,"",(I24-I23)/I23),"")

Sheet Instructions
A1: Boat Fuel Log – Instructions
A3: Topic | B3: Guidance
A4: Using the Fuel Log | B4: Enter one fuel transaction per row in the Fuel Log sheet. Use the prepared rows for future purchases and do not overwrite the green formula cells.
A5: GST and receipts | B5: Record GST-inclusive fuel prices and retain receipts or invoices for BAS and ATO records. Review amber receipt alerts promptly.
A6: Vessel identification | B6: Use the vessel registration or HIN consistently so purchases can be reviewed accurately across trips and reporting periods.
A7: Engine hours | B7: Enter actual engine-hour meter readings at the start and end of each trip, rather than estimated hours. Review red engine-hour alerts before relying on the results.
A8: Consumption review | B8: Review unusual fuel cost per engine hour and fuel consumption before claiming business expenses or making operational decisions.
A9: Tax records | B9: Fuel expenses may require appropriate business-use records. Seek professional tax advice for your circumstances and eligible claims.
A10: Important note | B10: This workbook is a log and management tool only. It is not a substitute for official ATO records, marine logbooks, invoices or professional advice.
